 Dungeon Crawl Stone Soup version 0.20.0-8-g6b59dc7 (webtiles) character file.

3200 Haldmier the Archer (level 9, 0/51 HPs)
             Began as a Tengu Warper on May 31, 2017.
             Was a Follower of Fedhas.
             Slain by an unseen horror (5 damage)
             ... on level 8 of the Dungeon.
             The game lasted 00:44:17 (8381 turns).

Haldmier the Archer (Tengu Warper)                  Turns: 8381, Time: 00:44:18

Health: 0/51       AC: 12    Str: 12    XL:     9   Next: 96%
Magic:  31/31      EV: 12    Int: 14    God:    Fedhas [*.....]
Gold:   266        SH:  0    Dex: 16    Spells: 8/12 levels left

rFire    . . .     SeeInvis .   a - +2 short sword (venom)
rCold    . . .     Gourm    .   (no shield)
rNeg     . . .     Faith    .   P - +5 ring mail "Quedeblieh" {+Blink rElec MP+9}
rPois    .         Spirit   .   (helmet restricted)
rElec    +         Reflect  .   C - +0 cloak
rCorr    .         Harm     .   (no gloves)
MR       .....                  (boots unavailable)
Stlth    +++.......             o - amulet of regeneration
Regen    0.6/turn               t - ring of stealth
MPRegen  0.3/turn               z - ring of magical power

@: no status effects
A: beak, talons 3, able to fly 1
a: Fly, Fungal Bloom, Evolution, Renounce Religion, Evoke Blink


You were on level 8 of the Dungeon.
You worshipped Fedhas.
Fedhas was aware of your devotion.
You were hungry.

You visited 2 branches of the dungeon, and saw 9 of its levels.

You collected 482 gold pieces.
You spent 216 gold pieces at shops.

Inventory:

Hand Weapons
 a - a +2 short sword of venom (weapon)
 b - a +0 shortbow
 A - a +0 falchion
 H - a +2 dagger of venom
 K - a +0 hunting sling
 S - a +2 dagger of freezing
Missiles
 e - 4 tomahawks of dispersal
 j - 193 stones
 q - 8 tomahawks (quivered)
 L - 142 arrows
 N - 2 silver tomahawks
Armour
 k - +0 steam dragon scales
 C - a +0 cloak (worn)
 D - a +0 buckler
 P - the +5 ring mail "Quedeblieh" (worn) {+Blink rElec MP+9}
   (You bought it in a shop on level 6 of the Dungeon)

   It insulates you from electricity.
   It affects your magic capacity (+9).
   It lets you blink.
Jewellery
 o - an amulet of regeneration (around neck)
 t - a ring of stealth (left hand)
 w - an uncursed ring of positive energy
 z - a ring of magical power (right hand)
Wands
 p - a wand of confusion (27/48)
 T - a wand of flame (17/48)
 W - a wand of flame (27/48)
Scrolls
 d - a scroll of blinking
 i - 8 scrolls of identify {unknown}
 l - 2 scrolls of noise {unknown}
 n - 2 scrolls of teleportation {unknown}
 v - 2 scrolls of remove curse {unknown}
 x - 3 scrolls of random uselessness {unknown}
 y - 2 scrolls of immolation {unknown}
 F - 3 scrolls of amnesia {unknown}
 I - 3 scrolls of magic mapping {unknown}
 Q - a scroll of acquirement {unknown}
 U - a scroll of recharging {unknown}
 V - a scroll of fear {unknown}
Potions
 h - 2 potions of ambrosia {unknown}
 m - 3 potions of brilliance {unknown}
 r - a potion of resistance {unknown}
 s - 4 potions of haste {unknown}
 u - 3 potions of flight {unknown}
 B - 2 potions of lignification {unknown}
 G - 3 potions of cancellation {unknown}
 J - 2 potions of curing {unknown}
 O - 3 potions of mutation {unknown}
Books
 c - a book of Spatial Translocations

   Spells                             Type                      Level
   a - Blink                          Translocation                2
   b - Shroud of Golubria             Charms/Translocation         2
   c - Lesser Beckoning               Translocation                3
   d - Gell's Gravitas                Translocation                3
   e - Teleport Other                 Translocation                3
   f - Passage of Golubria            Translocation                4
 M - a book of Frost

   Spells                             Type                      Level
   a - Freeze                         Ice                          1
   b - Throw Frost                    Conjuration/Ice              2
   c - Ozocubu's Armour               Charms/Ice                   3
   d - Throw Icicle                   Conjuration/Ice              4
   e - Summon Ice Beast               Ice/Summoning                4
Comestibles
 f - 7 bread rations
 g - 4 meat rations
 E - 3 fruits


   Skills:
 - Level 3.5 Fighting
 - Level 6.0 Long Blades
 + Level 10.2 Bows
 - Level 1.0 Throwing
 + Level 5.5 Armour
 - Level 4.0 Dodging
 - Level 2.5 Stealth
 - Level 2.0 Spellcasting
 - Level 2.0 Charms
 - Level 3.4 Translocations


You had 8 spell levels left.
You knew the following spells:

 Your Spells              Type           Power        Failure   Level  Hunger
a - Shroud of Golubria    Chrm/Tloc      #.........   24%         2    ###....
b - Blink                 Tloc           N/A          19%         2    ###....


Dungeon Overview and Level Annotations

Branches:
Dungeon (8/15)             Temple (1/1) D:4
   Lair: D:8-11

Altars:
Ashenzari
Cheibriados
Dithmenos
Elyvilon
Fedhas
Gozag
Hepliaklqana
Kikubaaqudgha
Makhleb
Nemelex Xobeh
Qazlal
Ru
Sif Muna
Trog
Uskayaw
Vehumet
Xom
Yredelemnul
Zin
The Shining One

Shops:
D:6 [

Annotations:
D:5 Typee's ghost, novice FoFi
D:6 ghjk's ghost, novice MiFi
D:8 2 runed doors


Innate Abilities, Weirdness & Mutations

You have a beak for a mouth.
You have claws for feet.
You can fly.


Message History

Something hits you but does no damage. x2
Okay, then.
You miss something. You claw something. Something hits you but does no damage.
Something hits you. Something hits you but does no damage.
Something hits you but does no damage. Something hits you but does no damage.
You barely miss something. You peck something.
Something hits you but does no damage.
You hit something. You claw something. Something hits you!
* * * LOW HITPOINT WARNING * * *
Something hits you but does no damage.
The crimson imp blinks!
Something hits you!
* * * LOW HITPOINT WARNING * * *
Something hits you.
* * * LOW HITPOINT WARNING * * *
You hit the crimson imp but do no damage.
Something hits you.
You die...
Fedhas appreciates your contribution to the ecosystem.

#.##. #.# #. ######5#
## #......# #o######
#.# #.# . ###
#.##########.. ...
#.o.@5........ ...
######......... #.#
#.......... #.#
#######..######.. #.#
.................##.##
#.#
#######...#####.>.....
#.# #...#####.......
#.# #...............
#.# #..#.####.......


You could see a crimson imp and an orc.

Vanquished Creatures
  Pikel (D:5)
  Grinder (D:6)
  A spriggan (D:7)
  A steam dragon (D:7)
  2 ice beasts
  An orc warrior (D:8)
  3 slaves (D:5)
  2 ogres
  4 centaurs
  Blork the orc (D:5)
  A big kobold (D:7)
  3 bullfrogs
  A scorpion (D:6)
  A howler monkey (D:7)
  A bullfrog zombie (D:7)
  2 centaur skeletons (D:4)
  3 hounds
  3 jellies
  An orc priest (D:5)
  A bullfrog skeleton (D:7)
  4 iguanas
  11 orc wizards
  3 worker ants
  4 gnolls (D:4)
  11 adders
  A howler monkey skeleton (D:4)
  2 oozes
  An adder zombie (D:7)
  2 adder skeletons (D:4)
  A worm (D:4)
  A dart slug (D:1)
  4 leopard geckos
  19 orcs
  7 giant cockroaches
  4 hobgoblins
  4 jackals (D:1)
  3 quokkas
  6 bats
  13 frilled lizards
  13 goblins
  10 kobolds
  A quokka skeleton (D:5)
  8 rats
167 creatures vanquished.

Vanquished Creatures (others)
  An orc wizard (D:4)
  A worker ant (D:6)
  A giant cockroach (D:8)
  A quokka (D:6)
  A jackal zombie (D:6)
  38 toadstools
43 creatures vanquished.

Grand Total: 210 creatures vanquished

Notes
Turn   | Place    | Note
-------+----------+-------------------------------------------
     0 | D:1      | Haldmier the Tengu Warper began the quest for the Orb.
     0 | D:1      | Reached XP level 1. HP: 12/12 MP: 4/4
   306 | D:1      | Reached XP level 2. HP: 16/17 MP: 6/6
   329 | D:1      | Learned a level 2 spell: Blink
   332 | D:1      | Learned a level 2 spell: Shroud of Golubria
   814 | D:1      | Reached skill level 1 in Charms
   816 | D:1      | Reached XP level 3. HP: 9/21 MP: 1/7
  1540 | D:2      | Reached XP level 4. HP: 23/26 MP: 5/8
  2266 | D:3      | Found an opulent altar of Gozag.
  2290 | D:3      | Found a blossoming altar of Fedhas.
  2890 | D:3      | Became a worshipper of Fedhas Madash
  3041 | D:3      | Found a shattered altar of Ashenzari.
  3115 | D:3      | Gained mutation: You can fly. [Tengu growth]
  3115 | D:3      | Reached XP level 5. HP: 24/30 MP: 9/9
  3195 | D:3      | Reached skill level 1 in Stealth
  3805 | D:4      | Reached XP level 6. HP: 36/36 MP: 10/10
  3947 | D:4      | Reached skill level 5 in Long Blades
  4155 | D:4      | Found a staircase to the Ecumenical Temple.
  4160 | Temple   | Entered the Ecumenical Temple
  4475 | D:5      | Entered Level 5 of the Dungeon
  4495 | D:5      | Reached XP level 7. HP: 32/40 MP: 11/11
  5434 | D:5      | Found a shadowy altar of Dithmenos.
  5524 | D:5      | Noticed Typee's ghost (novice FoFi)
  5780 | D:6      | Found Pacri's Antique Armour Boutique.
  5788 | D:6      | Found a sparkling altar of Nemelex Xobeh.
  5797 | D:6      | Bought a slimy ring mail for 216 gold pieces
  5807 | D:6      | Identified the +5 ring mail "Quedeblieh" {+Blink rElec MP+9} (You bought it in a shop on level 6 of the Dungeon)
  5876 | D:6      | Noticed Grinder
  5881 | D:6      | Paralysed by Grinder for 3 turns
  5913 | D:6      | Noticed Blork the orc
  5913 | D:6      | Noticed Pikel
  5919 | D:5      | Killed Blork the orc
  5919 | D:5      | Reached skill level 1 in Bows
  5987 | D:6      | Found a bloodstained altar of Trog.
  5990 | D:6      | Reached skill level 3 in Bows
  5990 | D:6      | Reached XP level 8. HP: 46/46 MP: 12/12
  5991 | D:6      | Noticed ghjk's ghost (novice MiFi)
  6098 | D:5      | Killed Pikel
  6098 | D:5      | Reached skill level 6 in Bows
  6308 | D:6      | Paralysed by Grinder for 2 turns
  6329 | D:6      | Killed Grinder
  6329 | D:6      | Reached skill level 7 in Bows
  6434 | D:6      | Found a glowing silver altar of Zin.
  6656 | D:6      | Reached XP level 9. HP: 50/51 MP: 13/13
  6809 | D:6      | Reached skill level 8 in Bows
  6926 | D:7      | Found an ancient bone altar of Kikubaaqudgha.
  6932 | D:7      | Found an opulent altar of Gozag.
  7411 | D:7      | Found a radiant altar of Vehumet.
  7529 | D:7      | Reached skill level 9 in Bows
  7625 | D:8      | Reached * piety under Fedhas
  7743 | D:8      | HP: 2/51 [something/ball of steam (14)]
  8160 | D:8      | Reached skill level 5 in Armour
  8234 | D:8      | Found a large runed door.
  8236 | D:8      | Found a large runed door.
  8268 | D:8      | Reached skill level 10 in Bows
  8381 | D:8      | Slain by an unseen horror

Skill      XL: |  1  2  3  4  5  6  7  8  9 |
---------------+----------------------------+-----
Long Blades    | 3 4 5 6 |  6.0
Charms         | 1 2 |  2.0
Stealth        | 1 2 |  2.5
Dodging        | 3 4 |  4.0
Translocations | 3 |  3.4
Fighting       | 3 |  3.5
Bows           | 3 7 10 | 10.2
Armour         | 5 |  5.5
Throwing       | |  1.0
Spellcasting   | |  2.0

Action                   |  1- 3 |  4- 6 |  7- 9 || total
-------------------------+-------+-------+-------++-------
Melee: Falchion          |    78 |    28 |       ||   106
       Kick              |    15 |    42 |    80 ||   137
       Peck              |    13 |    23 |    52 ||    88
       Short sword       |       |   134 |   272 ||   406
 Fire: Hunting sling     |       |    27 |       ||    27
       Shortbow          |       |       |    97 ||    97
Throw: Tomahawk          |     1 |    11 |     1 ||    13
       Stone             |     7 |     3 |       ||    10
 Cast: Shroud of Golubri |     5 |     6 |     3 ||    14
       Blink             |       |       |     1 ||     1
Invok: Fungal Bloom      |       |     5 |     9 ||    14
 Abil: Fly               |       |     2 |     1 ||     3
Evoke: Wand              |       |       |     2 ||     2
 Stab: Sleeping          |       |       |     4 ||     4
       Confused          |       |       |     1 ||     1
       Distracted        |       |       |     1 ||     1
  Eat: Chunk             |     2 |    10 |     9 ||    21
       Royal jelly       |       |       |     2 ||     2
Armor: Leather armour    |    17 |    27 |     5 ||    49
       Ring mail         |       |       |   117 ||   117
Dodge: Dodged            |    54 |    84 |   157 ||   295
       Rpst.: Falchion   |    20 |    10 |       ||    30
